 Dungeon Crawl Stone Soup version 0.25-a0-346-g140ab784a8 (webtiles) character file.

Game seed: 8001807559289025701, levelgen mode: deterministic

634 MirrMurr the Cutter (level 7, -1/44 HPs)
             Began as a Kobold Berserker on Jan 1, 2020.
             Was a Believer of Trog.
             Killed from afar by Dowan (18 damage)
             ... with a shard of ice
             ... on level 5 of the Dungeon.
             The game lasted 00:09:06 (3362 turns).

MirrMurr the Cutter (Kobold Berserker)              Turns: 3362, Time: 00:09:06

Health: -1/44      AC:  5    Str: 17    XL:     7   Next: 79%
Magic:  7/7        EV: 15    Int:  8    God:    Trog [**....]
Gold:   229        SH:  6    Dex: 14    Spells: 6/6 levels left

rFire    . . .     SeeInvis .   a - +0 rapier
rCold    . . .     Gourm    .   d - +1 buckler
rNeg     . . .     Faith    .   m - +0 ring mail
rPois    .         Spirit   .   (no helmet)
rElec    .         Reflect  .   (no cloak)
rCorr    .         Harm     .   (no gloves)
MR       .....                  (no boots)
Stlth    +.........             (no amulet)
HPRegen  0.14/turn              (no ring)
MPRegen  0.10/turn              (no ring)

@: berserk cooldown, slowed, very slow
A: small, carnivore
a: Berserk, Trog's Hand, Renounce Religion


You were on level 5 of the Dungeon.
You worshipped Trog.
Trog was pleased with you.
You were very full.

You visited 1 branch of the dungeon, and saw 5 of its levels.

You collected 229 gold pieces.

Inventory:

Hand Weapons
 a - a +0 rapier (weapon)
 p - a +0 hunting sling
 t - a +0 short sword
Missiles
 e - 2 throwing nets
 g - 204 stones
 i - 20 poisoned darts
 j - 4 boomerangs (quivered)
Armour
 d - a +1 buckler (worn)
 m - a +0 ring mail (worn)
 o - a +0 scale mail
 w - a +0 chain mail
 x - a +0 plate armour
Jewellery
 n - a +4 ring of slaying {unknown}
Wands
 q - a wand of paralysis (4)
Scrolls
 k - a scroll of blinking
 v - a scroll of teleportation
Potions
 b - 2 potions of lignification
 f - 3 potions of heal wounds
 h - a potion of magic {unknown}
 l - a potion of might {unknown}
 r - a potion of mutation {unknown}
 s - a potion of agility
 u - a potion of cancellation {unknown}
Comestibles
 c - 7 rations


   Skills:
 + Level 5.1 Fighting
 * Level 7.6 Short Blades
 - Level 1.5 Armour
 + Level 4.7 Dodging
 + Level 2.6 Shields


You had 6 spell levels left.
You didn't know any spells.
Your spell library was empty.

Dungeon Overview and Level Annotations

Branches:
Dungeon (5/15)
 Temple: D:4-7

Altars:
Fedhas
Ru

Annotations:
D:5 Dowan


Innate Abilities, Weirdness & Mutations

You are small and have problems with some larger weapons.
You are carnivorous and can eat meat at any time.


Message History

There is an open door, spattered with blood here.
You feel a strong urge to attack something.
You are no longer berserk.
You are exhausted.
You feel yourself slow down.
There is an open door, spattered with blood here.
Dowan hits you but does no damage.
Things that are here:
a +0 rapier; a +0 leather armour Your shield and ring mail prevent you from hitting Dowan.
Dowan is moderately wounded.
Dowan hits you but does no damage. x2
You puncture Dowan!
Dowan is heavily wounded.
Dowan hits you but does no damage.
Dowan mumbles some strange words.
Dowan blinks!
Dowan gestures at you while chanting. The shard of ice hits you!!
You die...

#. ## #.##. #.##.
#.##.####
#.##....####..#
#.#.##....'.....#
#####.#.###..e####..##
......#.@)'...'.......
........###...####+###
######...##...# ...
.........#######...
...................
...................#
....................
...................#
..........##'#####.#


You could see Dowan.

Vanquished Creatures
  Sigmund (D:4)
  Duvessa (D:5)
  An ogre (D:4)
  2 orc priests
  A centaur skeleton (D:4)
  An orc wizard (D:4)
  A worker ant (D:5)
  7 gnolls
  3 adders
  An adder skeleton (D:4)
  A worm (D:3)
  2 dart slugs
  A leopard gecko (D:2)
  5 orcs
  A giant cockroach (D:1)
  4 hobgoblins
  2 jackals (D:1)
  8 kobolds
  A quokka (D:3)
  8 bats
  5 frilled lizards
  3 goblins
  6 rats
66 creatures vanquished.

Notes
Turn   | Place    | Note
-------+----------+-------------------------------------------
     0 | D:1      | MirrMurr the Kobold Berserker began the quest for the Orb.
     0 | D:1      | Reached XP level 1. HP: 14/14 MP: 1/1
     3 | D:1      | Noticed an electric eel
     3 | D:1      | Noticed an electric eel
   176 | D:1      | Reached XP level 2. HP: 19/19 MP: 2/2
   678 | D:2      | Reached XP level 3. HP: 23/23 MP: 3/3
   928 | D:2      | Reached ** piety under Trog
   928 | D:2      | Reached XP level 4. HP: 29/29 MP: 4/4
  1043 | D:2      | Reached skill level 5 in Short Blades
  1297 | D:3      | Found a blossoming altar of Fedhas.
  1319 | D:3      | Reached skill level 1 in Shields
  1440 | D:3      | Reached XP level 5. HP: 26/33 MP: 5/5
  1802 | D:4      | Noticed an ogre
  1813 | D:4      | Killed an ogre
  1813 | D:4      | Reached skill level 6 in Short Blades
  1870 | D:4      | Noticed Sigmund
  1879 | D:4      | Killed Sigmund
  1879 | D:4      | Reached XP level 6. HP: 39/39 MP: 6/6
  1953 | D:3      | HP: 2/58 [gnoll/+2 flail of distortion (11)]
  2015 | D:3      | Reached XP level 7. HP: 29/44 MP: 7/7
  2390 | D:4      | HP: 3/66 [gnoll/+0 flail (4)]
  2396 | D:4      | HP: 1/66 [gnoll/+0 halberd (3)]
  2397 | D:4      | Reached skill level 7 in Short Blades
  2821 | D:4      | Found a sacrificial altar of Ru.
  3296 | D:5      | Entered Level 5 of the Dungeon
  3338 | D:5      | Noticed Duvessa
  3345 | D:5      | Noticed Dowan
  3353 | D:5      | Killed Duvessa
  3353 | D:5      | Reached skill level 5 in Fighting
  3362 | D:5      | Killed from afar by Dowan

Levels and vault maps discovered:
D:1:      arrival_aquarium_b, layout_basic, serial_bayou_ford_a
D:2:      layout_rooms, minmay_misc_feat_chi
D:3:      layout_loops_cross, fedhas_altar_1, chequers_serial_rivers_micro_a
D:4:      layout_basic, nicolae_ru_sacrificial_ziggurat, patterned_corridor,
          uniq_sigmund
D:5:      minmay_angry_zag, layout_basic, lemuel_doored_altar, first_ration,
          serial_shops, shop, uniq_ijyb, uniq_duvessa

Skill      XL: |  1  2  3  4  5  6  7 |
---------------+----------------------+-----
Dodging        | 3 4 |  4.7
Short Blades   | 5 6 7 |  7.6
Shields        | 1 2 |  2.6
Fighting       | 4 5 |  5.1
Armour         | |  1.5

Action                   |  1- 3 |  4- 6 |  7- 9 || total
-------------------------+-------+-------+-------++-------
Melee: Short sword       |   103 |    94 |    79 ||   276
       Rapier            |       |       |     8 ||     8
Invok: Berserk           |       |     4 |     2 ||     6
       Trog's Hand       |       |     1 |     1 ||     2
Evoke: Wand              |       |     1 |       ||     1
  Use: Scroll            |     3 |     4 |     1 ||     8
       Potion            |       |     3 |       ||     3
 Stab: Paralysed         |       |     1 |       ||     1
  Eat: Chunk             |     9 |     6 |     6 ||    21
Armor: Animal skin       |     9 |       |       ||     9
       Ring mail         |    17 |    12 |    12 ||    41
Dodge: Dodged            |    81 |    42 |    33 ||   156
Block: Buckler           |    24 |    20 |    14 ||    58

Table legend:
 A = Non-vault XP
 B = Vault XP
 C = Vault XP percentage of total XP
 D = Non-vault monster count
 E = Vault monster count
 F = Vault count percentage of total count
                 A         B        C        D         E       F
            +---------+---------+-------+---------+---------+-------
      Total |     539 |     368 |  40.6 |      64 |       2 |   3.0
            +---------+---------+-------+---------+---------+-------
        D:1 |      22 |       0 |   0.0 |      14 |       0 |   0.0
        D:2 |      53 |       0 |   0.0 |      18 |       0 |   0.0
        D:3 |      99 |       0 |   0.0 |      17 |       0 |   0.0
        D:4 |     333 |     223 |  40.1 |      14 |       1 |   6.7
        D:5 |      32 |     145 |  81.9 |       1 |       1 |  50.0
            +---------+---------+-------+---------+---------+-------
